 Dungeon Crawl Stone Soup version 0.27.1-34-g3ba077fa99 (webtiles) character file.

Game seed: 4756929732809955759

21881 superiop the Grappler (level 12, -6/126 HPs)
             Began as a Troll Berserker on Jan 21, 2022.
             Was a High Priest of Trog.
             Killed from afar by Jorgrun (19 damage)
             ... with a blast of rock fragments
             ... on level 2 of the Orcish Mines.
             The game lasted 00:49:30 (9684 turns).

superiop the Grappler (Troll Berserker)             Turns: 9684, Time: 00:49:31

Health: -6/126     AC: 13    Str: 32    XL:     12   Next: 58%
Magic:  0/11       EV: 12    Int:  9    God:    Trog [*****.]
Gold:   1384       SH:  0    Dex:  9    Spells: 11/11 levels left

rFire    + + +     SeeInvis +     - Unarmed
rCold    + . .     Faith    .   (no shield)
rNeg     . . .     Spirit   +   s - +0 troll leather armour
rPois    +         Reflect  .   H - +1 hat {SInv}
rElec    +         Harm     .   l - +0 cloak
rCorr    +         Rampage  .   (gloves unavailable)
Will     .....                  (boots unavailable)
Stlth    +.........             e - amulet of guardian spirit
HPRegen  2.31/turn              x - ring of Odocopez {rF++ Int+6}
MPRegen  0.12/turn              t - +4 ring of protection

@: resistant, on berserk cooldown, slowed, studying Staves, very slow
A: large, unfitting armour, claws 3, regeneration 1, shaggy fur 1, tough skin 1,
hooves 1, mutation resistance 1
a: Renounce Religion, Berserk, Trog's Hand, Brothers in Arms


You were on level 2 of the Orcish Mines.
You worshipped Trog.
Trog was extremely pleased with you.
You visited 2 branches of the dungeon, and saw 11 of its levels.

You collected 1501 gold pieces.
You spent 117 gold pieces at shops.

Inventory:

Hand Weapons
 k - a +3 quarterstaff of chaos
 o - a +1 glaive of distortion
 D - a +4 dire flail
 G - a +7 quarterstaff
 I - a +0 giant spiked club
 J - a +6 trident of protection
Missiles
 b - 364 stones
 m - 48 poisoned darts
 u - a throwing net
 v - 2 javelins (quivered)
 z - 5 curare-tipped darts
Armour
 a - a +0 animal skin
 l - a +0 cloak (worn)
 r - +0 swamp dragon scales
 s - a +0 troll leather armour (worn)
 H - a +1 hat of see invisible (worn)
Jewellery
 d - a ring of protection from fire
 e - an amulet of guardian spirit (around neck)
 t - a +4 ring of protection (right claw)
 x - the ring of Odocopez (left claw) {rF++ Int+6}
   (You took it off an orc wizard on level 9 of the Dungeon)

   [ring of intelligence]

   Int:       It affects your intelligence (+6).
   rF:        It greatly protects you from fire.
 y - a ring of poison resistance
 F - a ring of flight
Wands
 j - a wand of digging (10)
 p - a wand of paralysis (9)
 q - a wand of iceblast (8)
 A - a wand of charming (18)
 E - a wand of flame (27)
Scrolls
 f - 5 scrolls of enchant weapon
 g - a scroll of vulnerability
 h - 5 scrolls of identify
 i - 3 scrolls of summoning
 B - 3 scrolls of teleportation
Potions
 c - a potion of resistance
 n - a potion of heal wounds
 w - 2 potions of curing


   Skills:
 + Level 10.2 Fighting
 + Level 5.6 Armour
 + Level 10.2 Dodging
 + Level 11.9 Unarmed Combat


You had 11 spell levels left.
You didn't know any spells.
Your spell library was empty.

Dungeon Overview and Level Annotations

Branches:
Dungeon (9/15)             Temple (0/1) D:5            Lair (0/6) D:9
    Orc (2/2) D:9
    Elf: Orc:2

Altars:
Dithmenos
Hepliaklqana
Kikubaaqudgha
Makhleb
Nemelex Xobeh
Okawaru
Ru
Trog
Vehumet
The Shining One
Beogh

Shops:
D:1 =   D:9 *[?!=   Orc:2 ![!=

Annotations:
D:9 exclusion: orange crystal statue
Orc:2 Jorgrun


Innate Abilities, Weirdness & Mutations

You are too large for most types of armour.
You have claws for hands.
Your natural rate of healing is unusually fast.
You are covered in fur. (AC +1)
You have tough skin. (AC +1)
You have large cloven feet.
You are somewhat resistant to further mutation.


Message History

* * * LOW HITPOINT WARNING * * *
The sixfirhy shocks you. You resist.
* * * LOW HITPOINT WARNING * * *
The sixfirhy closely misses you. The orc wizard barely misses you.
Jorgrun hits you but does no damage.
The orc wizard hits you but does no damage.
Jorgrun misses you.
You feel better.
Jorgrun mutters some incantations to himself.
Jorgrun hits you with a +0 vorpal quarterstaff.
* * * LOW HITPOINT WARNING * * *
x2 The orc sorcerer mumbles some strange words.
Okay, then.
Unknown command.
Your ogre goes berserk!
The sixfirhy closely misses you. The sixfirhy hits you!
* * * LOW HITPOINT WARNING * * *
The sixfirhy shocks you. You resist.
* * * LOW HITPOINT WARNING * * *
The sixfirhy misses you.
Jorgrun points at you and mumbles some strange words.
You resist with almost no effort. The sixfirhy barely misses you.
The orc sorcerer hits you with a +0 dagger.
* * * LOW HITPOINT WARNING * * *
Jorgrun hits you with a +0 vorpal quarterstaff.
* * * LOW HITPOINT WARNING * * *
x2 You feel better.
The sixfirhy disappears in a puff of smoke!
Your ogre hits the orc sorcerer with a +0 giant club!!
The orc sorcerer dies!
Trog accepts your kill.
Trog appreciates your killing of a magic user.
Jorgrun hits you with a +0 vorpal quarterstaff!
* * * LOW HITPOINT WARNING * * *
x2 Your skin stops crawling.
You feel less strong-willed.
Your ogre misses the sixfirhy. The sixfirhy hits your ogre.
The sixfirhy shocks your ogre!
Jorgrun points at you and mumbles some strange words.
The wall shatters!
The blast of rock fragments hits you!!
You die...

.....###...#..###
...#.##)))##....##
...#####))#..#...##
....# #....###...#
...##
#.#....#..####
#...#
####..#...##.# ##
.#.## .###.....##
#.# )### ..
#..#...# #.# ##
##.....##@O.##.# #
### ###..#
##.3#.##.## ))##
### #goo...... ))<#
##oo...... #)###
#....ooo..#..#.
..#.##
.....g.o.....#
.....#
.....oo........
###..#
#..........#...
######
##.............


You could see Jorgrun, a sixfirhy (summoned, ally target), an orc sorcerer, an
orc warrior, 2 orc wizards, 2 orcs and a friendly ogre (summoned, berserk).

Vanquished Creatures
  Azrael (Orc:1)
  2 ettins (Orc:2)
  Erolcha (D:9)
  A centaur warrior (D:9)
  4 ogre magi (Orc:2)
  An orc high priest (Orc:2)
  3 orc knights (Orc:1)
  2 deep elf pyromancers (Orc:1)
  8 orc sorcerers
  The ghost of Discosetron the Magician, a novice DjAE of Ashenzari (D:4)
  A komodo dragon (D:9)
  Maggie (D:7)
  An efreet (D:9)
  2 trolls
  Grinder (D:3)
  Sigmund (D:3)
  A wyvern (D:7)
  Grum (D:9)
  2 fire elementals (Orc:2)
  4 wargs
  A swamp drake (Orc:1)
  4 hell hounds (Orc:1)
  2 ice beasts (D:6)
  18 orc warriors
  2 black bears (D:7)
  2 wolves (D:9)
  5 ogres
  A centaur (D:9)
  A phantom (D:5)
  A gnoll sergeant (D:8)
  2 bullfrogs (D:7)
  A scorpion (D:5)
  10 killer bees (D:9)
  An electric eel (D:9)
  3 jellies
  2 howler monkeys
  2 crimson imps
  A centaur zombie (D:8)
  A bullfrog zombie (D:5)
  6 hounds (D:5)
  5 orc priests
  A centaur skeleton (D:7)
  Ijyb (D:3)
  Crazy Yiuf (D:2)
  An iguana (D:6)
  An iron imp (Orc:1)
  41 orc wizards
  A killer bee zombie (D:7)
  A hound skeleton (D:4)
  A howler monkey zombie (D:8)
  7 adders
  10 gnolls
  A howler monkey skeleton (D:7)
  A shadow imp (Orc:1)
  4 white imps
  An ufetubus (D:5)
  2 dart slugs
  82 orcs
  7 ball pythons
  5 bats
  8 endoplasms
  A giant cockroach (D:1)
  4 goblins
  9 hobgoblins
  11 kobolds
  6 quokkas (D:1)
  5 frilled lizards
  A jackal skeleton (D:4)
  A quokka skeleton (D:4)
  8 rats
333 creatures vanquished.

Vanquished Creatures (collateral kills)
  An orc sorcerer (Orc:2)
  A troll (Orc:2)
  An orc wizard (Orc:2)
  2 orcs (Orc:2)
5 creatures vanquished.

Vanquished Creatures (others)
  2 orcs
  40 plants (D:9)
  4 toadstools (D:2)
46 creatures vanquished.

Grand Total: 384 creatures vanquished

Notes
Turn   | Place    | Note
-------+----------+-------------------------------------------
     0 | D:1      | superiop the Troll Berserker began the quest for the Orb.
     0 | D:1      | Reached XP level 1. HP: 22/22 MP: 0/0
   226 | D:1      | Reached XP level 2. HP: 29/29 MP: 1/1
   338 | D:1      | Found a faded altar of an unknown god.
   364 | D:1      | Found Buifad's Jewellery Shoppe.
   481 | D:1      | Reached XP level 3. HP: 33/36 MP: 2/2
   530 | D:1      | Reached ** piety under Trog
   908 | D:1      | You fall into a shaft and drop 1 floor!
  1483 | D:2      | Found a runed translucent door.
  1484 | D:2      | Noticed Crazy Yiuf
  1491 | D:2      | Killed Crazy Yiuf
  1492 | D:2      | Reached XP level 4. HP: 45/45 MP: 3/3
  1990 | D:3      | Reached skill level 4 in Unarmed Combat
  1990 | D:3      | Noticed Ijyb
  1996 | D:3      | Killed Ijyb
  1997 | D:3      | Reached XP level 5. HP: 53/53 MP: 4/4
  2254 | D:3      | Noticed Sigmund
  2254 | D:3      | Noticed Grinder
  2262 | D:3      | Killed Grinder
  2263 | D:3      | Reached XP level 6. HP: 57/62 MP: 5/5
  2267 | D:3      | Killed Sigmund
  2268 | D:3      | Reached skill level 5 in Unarmed Combat
  2268 | D:3      | Reached XP level 7. HP: 71/71 MP: 6/6
  2300 | D:3      | Found a shadowy altar of Dithmenos.
  2407 | D:3      | Found a sacrificial altar of Ru.
  2449 | D:3      | Reached *** piety under Trog
  2912 | D:4      | Found a hazy altar of Hepliaklqana.
  2934 | D:4      | Gained mutation: You have large cloven feet. [potion of
                  | mutation]
  2934 | D:4      | Gained mutation: You are somewhat resistant to further
                  | mutation. [potion of mutation]
  2940 | D:4      | Identified a scroll of acquirement
  2940 | D:4      | Acquired an amulet of guardian spirit
  3002 | D:4      | Found a transporter.
  3003 | D:4      | Noticed Discosetron's ghost (novice DjAE)
  3020 | D:4      | Found a transporter.
  3246 | D:5      | Entered Level 5 of the Dungeon
  3409 | D:5      | Reached skill level 6 in Unarmed Combat
  3422 | D:5      | Reached skill level 5 in Fighting
  3422 | D:5      | Reached skill level 5 in Dodging
  3475 | D:5      | Reached XP level 8. HP: 80/80 MP: 7/7
  3556 | D:5      | Found a staircase to the Ecumenical Temple.
  3774 | D:5      | Found a bloodstained altar of Trog.
  3955 | D:4      | Killed Discosetron's ghost
  3956 | D:4      | Reached skill level 7 in Unarmed Combat
  4159 | D:6      | Reached XP level 9. HP: 75/89 MP: 6/8
  4180 | D:6      | Reached **** piety under Trog
  4191 | D:6      | Found a sparkling altar of Nemelex Xobeh.
  4366 | D:6      | Found an iron altar of Okawaru.
  4918 | D:7      | Identified the +0 pair of gloves "Ykiutaa" {Str+2}
  4966 | D:7      | Reached skill level 8 in Unarmed Combat
  5143 | D:7      | Noticed Maggie
  5159 | D:7      | Killed Maggie
  6361 | D:9      | Noticed a centaur warrior
  6370 | D:9      | Killed a centaur warrior
  6371 | D:9      | Reached skill level 9 in Unarmed Combat
  6371 | D:9      | Reached XP level 10. HP: 76/102 MP: 5/9
  6484 | D:9      | Found Eschiyh's Armour Boutique.
  6500 | D:9      | Found Bupsie's Magic Scroll Shop.
  6500 | D:9      | Noticed Erolcha
  6508 | D:9      | Killed Erolcha
  6536 | D:9      | Noticed Grum
  6544 | D:9      | Killed Grum
  6628 | D:9      | Found Uttey's Distillery.
  6640 | D:9      | Bought a potion of curing for 39 gold pieces
  6640 | D:9      | Bought 2 potions of curing for 78 gold pieces
  6655 | D:9      | Found a burning altar of Makhleb.
  6723 | D:9      | Found Fesaugef's Jewellery Shop.
  6783 | D:9      | Reached ***** piety under Trog
  6954 | D:9      | Identified the ring of Odocopez {rF++ Int+6}
  6972 | D:9      | Noticed an orange crystal statue
  7133 | D:9      | Reached skill level 10 in Unarmed Combat
  7190 | D:9      | Found a staircase to the Orcish Mines.
  7237 | D:9      | Found a staircase to the Lair.
  7340 | D:9      | Found Emnakhoa's Assorted Antiques.
  7422 | D:9      | Found a radiant altar of Vehumet.
  7436 | D:9      | Found a glowing golden altar of the Shining One.
  7730 | Orc:1    | Entered Level 1 of the Orcish Mines
  7780 | Orc:1    | Noticed an orc knight
  7782 | Orc:1    | Noticed an orc sorcerer
  7800 | Orc:1    | Killed an orc knight
  7801 | Orc:1    | Reached skill level 1 in Armour
  7803 | Orc:1    | Killed an orc sorcerer
  7804 | Orc:1    | Reached XP level 11. HP: 113/113 MP: 7/10
  7899 | Orc:1    | Noticed a deep elf pyromancer
  7904 | Orc:1    | Killed a deep elf pyromancer
  7904 | Orc:1    | Received a gift from Trog
  7926 | Orc:1    | Noticed a deep elf pyromancer
  7931 | Orc:1    | Killed a deep elf pyromancer
  8136 | Orc:2    | Entered Level 2 of the Orcish Mines
  8137 | Orc:2    | Noticed an orc high priest
  8141 | Orc:2    | Noticed an orc sorcerer
  8228 | Orc:2    | Killed an orc high priest
  8235 | Orc:2    | Killed an orc sorcerer
  8283 | Orc:2    | Noticed Azrael
  8341 | Orc:1    | Killed Azrael
  8408 | Orc:2    | Noticed an orc sorcerer
  8414 | Orc:2    | Paralysed by an orc sorcerer for 4 turns
  8421 | Orc:2    | Killed an orc sorcerer
  8423 | Orc:2    | Noticed an orc sorcerer
  8428 | Orc:2    | Paralysed by an orc sorcerer for 6 turns
  8437 | Orc:2    | Killed an orc sorcerer
  8438 | Orc:2    | Reached skill level 11 in Unarmed Combat
  8583 | Orc:2    | Noticed an orc sorcerer
  8588 | Orc:2    | Killed an orc sorcerer
  8597 | Orc:2    | Found Elarest's Distillery.
  8639 | Orc:2    | Found an ancient bone altar of Kikubaaqudgha.
  8640 | Orc:2    | Noticed an orc sorcerer
  8641 | Orc:2    | Noticed an ogre mage
  8651 | Orc:2    | Killed an ogre mage
  8652 | Orc:2    | Killed an orc sorcerer
  8707 | Orc:2    | Found Noebrag's Antique Armour Shop.
  8714 | Orc:2    | Noticed an orc sorcerer
  8715 | Orc:2    | Noticed an ogre mage
  8717 | Orc:2    | Noticed an ogre mage
  8721 | Orc:2    | Killed an orc sorcerer
  8725 | Orc:2    | Noticed an orc sorcerer
  8726 | Orc:2    | Killed an ogre mage
  8727 | Orc:2    | Reached XP level 12. HP: 124/124 MP: 11/11
  8728 | Orc:2    | Killed an ogre mage
  8770 | Orc:2    | Noticed an ogre mage
  8777 | Orc:2    | Killed an ogre mage
  8797 | Orc:2    | Found Ythorotep's Distillery.
  8805 | Orc:2    | Found a radiant altar of Vehumet.
  8837 | Orc:2    | Found Inilen's Jewellery Boutique.
  9275 | Orc:1    | Reached skill level 5 in Armour
  9393 | Orc:2    | Noticed an ettin
  9398 | Orc:2    | Killed an ettin
  9407 | Orc:1    | Reached skill level 10 in Fighting
  9407 | Orc:1    | Reached skill level 10 in Dodging
  9647 | Orc:2    | Noticed an ettin
  9656 | Orc:2    | Killed an ettin
  9667 | Orc:2    | Noticed Jorgrun
  9684 | Orc:2    | Killed from afar by Jorgrun

Illustrated notes

Levels and vault maps discovered:
D:1:      nicolae_arrival_somewhat_less_tricky_arrival, layout_loops_corners,
          serial_shops, nicolae_shop_trees, hellmonk_ecumenical_altar_zigzags,
          amcnicky_mini_pool_small, minmay_statues_item
D:2:      layout_basic, minmay_misc_feat_secret_circle, grunt_ministairs_4,
          minmay_gold_behind_fungi, uniq_crazy_yiuf_cottage
D:3:      layout_basic, nicolae_dithmenos_the_darkroom,
          lemuel_coloured_pillars_altar, uniq_sigmund, uniq_ijyb, uniq_grinder
D:4:      minmay_chambers_of_fours, layout_cave_pools,
          nicolae_overflow_hidden_temple, gammafunk_ghost_smash
D:5:      cheibrodos_helix_gallery, layout_basic, kennysheep_mini,
          minmay_temple_entry_mini_moons, minmay_large_rounded_square,
          cheibrodos_gnoll_hut
D:6:      layout_loops_ring, amcnicky_altar_gilded, lemuel_crystal_altar
D:7:      layout_basic, serial_glass, glass_columns_c, glass_columns_a,
          minmay_manual_mess, uniq_maggie
D:8:      layout_basic
D:9:      minmay_statue_hallways, layout_rooms,
          mainiacjoe_overflow_cross_hatched, minitemple, david_lair_shrubbed,
          minmay_orc_entry_guard_dogs, serial_shops, shop, shop, shop,
          kennysheep_little_box, nicolae_inconvenience_store,
          minmay_fire_ice_demons, uniq_grum, uniq_erolcha
Orc:1:    cheibrodos_orc_bank, layout_caves, hangedman_minor_magic
Orc:2:    kennysheep_orc_mage_school, layout_caves, nicolae_orc_stony_grotto,
          uniq_azrael, uniq_jorgrun

Skill      XL: |  1  2  3  4  5  6  7  8  9 10 11 12 |
---------------+-------------------------------------+-----
Dodging        | 3 4 5 6 7 8 9 10 | 10.2
Fighting       | 3 4 5 6 7 8 9 10 | 10.2
Unarmed Combat | 4 5 6 7 9 10 11 | 11.9
Armour         | 1 4 5 |  5.6

Action                   |  1- 3 |  4- 6 |  7- 9 | 10-12 || total
-------------------------+-------+-------+-------+-------++-------
Melee: Unarmed           |    95 |    41 |   299 |   429 ||   864
       Punch             |     2 |       |    17 |    19 ||    38
       Kick              |       |       |    73 |   125 ||   198
Throw: Javelin           |       |    11 |    16 |     7 ||    34
       Stone             |       |       |     1 |     7 ||     8
Invok: Berserk           |     1 |     2 |     2 |    11 ||    16
       Trog's Hand       |       |     1 |     2 |     9 ||    12
       Brothers in Arms  |       |       |       |     3 ||     3
  Use: Scroll            |     3 |       |     8 |       ||    11
       Potion            |       |       |     5 |     6 ||    11
 Stab: Sleeping          |     1 |     1 |       |       ||     2
Armor: Animal skin       |    28 |    10 |    78 |       ||   116
       Swamp dragon scal |       |       |    32 |    99 ||   131
       Troll leather arm |       |       |       |   125 ||   125
Dodge: Dodged            |    55 |    10 |   116 |   306 ||   487
